[Event "45th FIDE Olympiad 2024"]
[Site "Budapest"]
[Date "2024.09.14"]
[Round "4.167"]
[White "Ribera Veganzones, Serni"]
[Black "Saif, Malek"]
[Result "1/2-1/2"]
[ECO "C54"]
[WhiteElo "2309"]
[BlackElo "2162"]
[PlyCount "117"]
[EventDate "2024.09.05"]
[EventType "team-tourn"]
[EventCountry "HUN"]
[WhiteTeam "Andorra"]
[BlackTeam "Jordan"]
[WhiteTeamCountry "AND"]
[BlackTeamCountry "JOR"]
[TimeControl "40/5400+30:1800+30"]

1. e4 e5 2. Nf3 Nc6 3. Bc4 Nf6 4. d3 Bc5 5. c3 d6 6. O-O Bb6 7. Nbd2 h6 8. Bb3 Bg4 9. Re1 Nh7 10. h3 Bh5 11. g4 Bg6 12. Nc4 h5 13. Nxb6 axb6 14. g5 Qd7 15. Kh2 h4 16. Ng1 f6 17. Qg4 f5 18. exf5 Bxf5 19. Qh5+ g6 20. Qe2 O-O-O 21. Bd5 Be6 22. Bg2 d5 23. Nf3 Rde8 24. Bd2 Bf7 25. Nxh4 Nf6 26. Nf3 Nh5 27. Rad1 Nf4 28. Bxf4 exf4 29. Qd2 Qd6 30. Rxe8+ Bxe8 31. Re1 Bd7 32. d4 Bf5 33. Ne5 f3 34. Bxf3 Rxh3+ 35. Kg2 Rh4 36. Qe3 Nd8 37. Rh1 Rxh1 38. Kxh1 Kb8 39. Bg2 Ne6 40. Kg1 Qd8 41. Nxg6 Bxg6 42. Qxe6 Qxg5 43. f4 Qg3 44. f5 Bh5 45. Qe5 Qh4 46. f6 Bf7 47. Bf3 Ka7 48. Kf1 c6 49. Ke2 Qh7 50. Kf2 Qc2+ 51. Qe2 Qf5 52. Qe5 Qc2+ 53. Kg3 Qxb2 54. Qe7 Bg6 55. Qg7 Qc2 56. Kf4 Qf5+ 57. Kg3 Ka6 58. Bg4 Qg5 59. Kh3 1/2-1/2

[Event "45th FIDE Olympiad 2024"]
[Site "Budapest"]
[Date "2024.09.14"]
[Round "4.168"]
[White "Rakan, Dasa"]
[Black "Ribera Veganzones, Josep Maria"]
[Result "1-0"]
[ECO "B22"]
[WhiteElo "1976"]
[BlackElo "2167"]
[PlyCount "135"]
[EventDate "2024.09.05"]
[EventType "team-tourn"]
[EventCountry "HUN"]
[WhiteTeam "Jordan"]
[BlackTeam "Andorra"]
[WhiteTeamCountry "JOR"]
[BlackTeamCountry "AND"]
[TimeControl "40/5400+30:1800+30"]

1. e4 c5 2. c3 Nf6 3. e5 Nd5 4. Na3 Nc6 5. Nf3 d6 6. exd6 Qxd6 7. Nc4 Qe6+ 8. Ne3 g6 9. g3 Bg7 10. Bg2 Nxe3 11. fxe3 O-O 12. O-O b6 13. Ng5 Qd7 14. Rxf7 Rxf7 15. Nxf7 Bb7 16. Ng5 h6 17. Qb3+ Kh8 18. Qe6 Qc8 19. Qxc8+ Rxc8 20. Ne6 Bf6 21. d4 Kh7 22. Bd2 Nd8 23. Nxd8 Bxg2 24. Kxg2 Rxd8 25. Rf1 Kg7 26. Rf2 h5 27. Kf3 Rd7 28. Ke4 Rd6 29. Be1 Kf7 30. Rd2 cxd4 31. cxd4 Rc6 32. Kd5 Rc1 33. Re2 e5 34. Bc3 Rd1 35. Rd2 Rxd2 36. Bxd2 exd4 37. exd4 Ke7 38. Bf4 Kd7 39. h3 Bg7 40. b3 Bf6 41. a4 Bg7 42. b4 a6 43. b5 axb5 44. axb5 Bf6 45. Be5 Be7 46. Bb8 Bf6 47. Be5 Be7 48. Bf4 Bf6 49. Ke4 Bg7 50. Be5 Bf8 51. g4 hxg4 52. hxg4 Be7 53. Bg3 Bf6 54. Bf2 Kd6 55. Be3 Be7 56. d5 Bd8 57. Bd4 Ke7 58. Bc3 Bc7 59. Be5 Bd8 60. Bf4 Kd7 61. Be5 Ke7 62. Bb8 Kd7 63. Bf4 Bf6 64. Be3 Bd8 65. Ke5 Bc7+ 66. Kf6 Bd8+ 67. Kxg6 Kd6 68. Bg5 1-0

[Event "45th FIDE Olympiad 2024"]
[Site "Budapest"]
[Date "2024.09.14"]
[Round "4.169"]
[White "Liyanage, Ranindu Dilshan"]
[Black "Navara, David"]
[Result "0-1"]
[ECO "B90"]
[WhiteElo "2366"]
[BlackElo "2681"]
[PlyCount "52"]
[EventDate "2024.09.05"]
[EventType "team-tourn"]
[EventCountry "HUN"]
[WhiteTeam "Sri Lanka"]
[BlackTeam "Czech Republic"]
[WhiteTeamCountry "SRI"]
[BlackTeamCountry "CZE"]
[TimeControl "40/5400+30:1800+30"]

1. e4 c5 2. Nf3 d6 3. d4 cxd4 4. Nxd4 Nf6 5. Nc3 a6 6. Be3 e5 7. Nf3 Qc7 8. a4 Be6 9. Ng5 Bc4 10. Bxc4 Qxc4 11. a5 Nbd7 12. Ra4 Qc6 13. Qd3 Rc8 14. Nf3 Be7 15. Nd2 O-O 16. O-O Rfd8 17. Rc4 Nc5 18. Bxc5 dxc5 19. Qe2 Qe6 20. Nb3 Rc6 21. Na4 Nh5 22. Re1 Nf4 23. Qf1 Qg4 24. f3 Qh4 25. g3 Rg6 26. Naxc5 Rxg3+ {0-} 0-1

[Event "45th FIDE Olympiad 2024"]
[Site "Budapest"]
[Date "2024.09.14"]
[Round "4.170"]
[White "Nguyen, Thai Dai Van"]
[Black "Amarathunga, Kosala Sandeepa Cham"]
[Result "1-0"]
[ECO "E51"]
[WhiteElo "2647"]
[BlackElo "1956"]
[PlyCount "109"]
[EventDate "2024.09.05"]
[EventType "team-tourn"]
[EventCountry "HUN"]
[WhiteTeam "Czech Republic"]
[BlackTeam "Sri Lanka"]
[WhiteTeamCountry "CZE"]
[BlackTeamCountry "SRI"]
[TimeControl "40/5400+30:1800+30"]

1. d4 Nf6 2. c4 e6 3. Nf3 d5 4. Nc3 Bb4 5. e3 O-O 6. Bd2 Re8 7. a3 Bf8 8. Bd3 dxc4 9. Bxc4 a6 10. O-O b5 11. Ba2 c5 12. dxc5 Bxc5 13. Qe2 Bb7 14. b4 Bf8 15. Rfd1 Nbd7 16. e4 h6 17. e5 Nh7 18. Bf4 Rc8 19. Ne4 Bxe4 20. Qxe4 Rc7 21. Nd4 Qh4 22. Qe3 Qe7 23. Nf5 Qd8 24. Nd6 Bxd6 25. Rxd6 Qc8 26. Rad1 Nhf8 27. h4 Rc3 28. Qe4 Nb8 29. Bd2 Rc7 30. Be3 Rc3 31. Bd2 Rc7 32. Qg4 Kh8 33. Bb1 Nbd7 34. Qh5 Kg8 35. Bxh6 gxh6 36. Qxh6 Nxe5 37. Qg5+ Neg6 38. h5 Kg7 39. hxg6 f6 40. Qe3 Rc3 41. Qa7+ Rc7 42. Qe3 Rc3 43. Qd2 Rc4 44. Rd3 Rh4 45. Rc1 Qb8 46. g3 Rh5 47. Qd1 Rh6 48. Rd7+ Kg8 49. Rcc7 Qa8 50. Rb7 Rd8 51. Rg7+ Kh8 52. Qf3 f5 53. Rh7+ Rxh7 54. Qc3+ Kg8 55. gxh7+ 1-0

[Event "45th FIDE Olympiad 2024"]
[Site "Budapest"]
[Date "2024.09.14"]
[Round "4.171"]
[White "Kodithuwakku, K K Dinujaya"]
[Black "Zilka, Stepan"]
[Result "0-1"]
[ECO "E04"]
[WhiteElo "1826"]
[BlackElo "2574"]
[PlyCount "52"]
[EventDate "2024.09.05"]
[EventType "team-tourn"]
[EventCountry "HUN"]
[WhiteTeam "Sri Lanka"]
[BlackTeam "Czech Republic"]
[WhiteTeamCountry "SRI"]
[BlackTeamCountry "CZE"]
[TimeControl "40/5400+30:1800+30"]

1. d4 d5 2. c4 e6 3. Nf3 Nf6 4. g3 dxc4 5. Bg2 c6 6. Ne5 Bb4+ 7. Nc3 Nd5 8. O-O b5 9. Ne4 O-O 10. b3 Nc3 11. Qc2 Qxd4 12. Bb2 Qxe5 13. Nxc3 cxb3 14. axb3 Qc5 15. Qd3 Qe7 16. Rfd1 a5 17. Qe3 Bb7 18. Bh3 Nd7 19. Qd4 Nf6 20. Qe5 Qc5 21. Qc7 Bxc3 22. Bxc3 Nd5 23. Bd4 Qxd4 24. Qxb7 Qc5 25. Bg2 Ra7 26. Rac1 Qxc1 {0-} 0-1

[Event "45th FIDE Olympiad 2024"]
[Site "Budapest"]
[Date "2024.09.14"]
[Round "4.172"]
[White "Vykouk, Jan"]
[Black "Bandara, Dhanushka"]
[Result "1-0"]
[ECO "A21"]
[WhiteElo "2483"]
[BlackElo "1903"]
[PlyCount "73"]
[EventDate "2024.09.05"]
[EventType "team-tourn"]
[EventCountry "HUN"]
[WhiteTeam "Czech Republic"]
[BlackTeam "Sri Lanka"]
[WhiteTeamCountry "CZE"]
[BlackTeamCountry "SRI"]
[TimeControl "40/5400+30:1800+30"]

1. c4 e5 2. Nc3 Bb4 3. Nd5 a5 4. Nxb4 axb4 5. b3 d6 6. Bb2 c5 7. e3 Nc6 8. Ne2 Nge7 9. d4 f6 10. d5 Nb8 11. Ng3 O-O 12. Bd3 Na6 13. f4 Nc7 14. O-O Ra6 15. Qf3 Bd7 16. fxe5 fxe5 17. Bxh7+ Kxh7 18. Qxf8 Qxf8 19. Rxf8 Be8 20. Ne4 Ng6 21. Rf2 b5 22. a3 bxc4 23. bxc4 b3 24. a4 Ne7 25. Ra3 Bg6 26. Ng5+ Kh6 27. Nf7+ Bxf7 28. Rxf7 Ncxd5 29. cxd5 Nxd5 30. Rxb3 c4 31. Rb5 Kg6 32. Rxg7+ Kxg7 33. Rxd5 Kf7 34. a5 Ke6 35. e4 c3 36. Bxc3 Rc6 37. Bb4 1-0

[Event "45th FIDE Olympiad 2024"]
[Site "Budapest"]
[Date "2024.09.14"]
[Round "4.173"]
[White "Tin, Jingyao"]
[Black "Gascon Del Nogal, Jose Rafael"]
[Result "1-0"]
[ECO "D32"]
[WhiteElo "2580"]
[BlackElo "2454"]
[PlyCount "105"]
[EventDate "2024.09.05"]
[EventType "team-tourn"]
[EventCountry "HUN"]
[WhiteTeam "Singapore"]
[BlackTeam "Venezuela"]
[WhiteTeamCountry "SIN"]
[BlackTeamCountry "VEN"]
[TimeControl "40/5400+30:1800+30"]

1. d4 d5 2. c4 e6 3. Nc3 c5 4. cxd5 cxd4 5. Qa4+ Bd7 6. Qxd4 exd5 7. Qxd5 Nf6 8. Qd1 Bc5 9. Nf3 O-O 10. a3 Qc7 11. Qc2 Nc6 12. g3 Nd4 13. Nxd4 Bxd4 14. Bg2 Bc6 15. O-O Bxg2 16. Kxg2 Rfe8 17. Qd3 Bxc3 18. bxc3 Rac8 19. Be3 Qc6+ 20. Kg1 Ne4 21. c4 b6 22. Rac1 h5 23. Rfd1 Red8 24. Qxd8+ Rxd8 25. Rxd8+ Kh7 26. f3 Nf6 27. c5 bxc5 28. Rxc5 Qe6 29. Rd3 Kg8 30. h4 a6 31. Kg2 Kh7 32. Ra5 g6 33. Ra4 Qa2 34. Kf2 Qe6 35. Rf4 Nd5 36. Re4 Qf5 37. Bg5 f6 38. Bd2 g5 39. Red4 Nb6 40. hxg5 fxg5 41. Kg2 g4 42. Bc3 Qe6 43. Re4 gxf3+ 44. exf3 Qa2+ 45. Rd2 Qxa3 46. Bb4 Qc1 47. Re7+ Kg6 48. Rd6+ Kf5 49. Rf7+ Ke5 50. f4+ Ke4 51. Re7+ Kf5 52. Re5+ Kg4 53. Rg5# 1-0

[Event "45th FIDE Olympiad 2024"]
[Site "Budapest"]
[Date "2024.09.14"]
[Round "4.174"]
[White "Ynojosa Aponte, Felix Jose"]
[Black "Wong, Zhenyong Jayden"]
[Result "1/2-1/2"]
[ECO "B10"]
[WhiteElo "2398"]
[BlackElo "2397"]
[PlyCount "123"]
[EventDate "2024.09.05"]
[EventType "team-tourn"]
[EventCountry "HUN"]
[WhiteTeam "Venezuela"]
[BlackTeam "Singapore"]
[WhiteTeamCountry "VEN"]
[BlackTeamCountry "SIN"]
[TimeControl "40/5400+30:1800+30"]

1. e4 c6 2. c4 d5 3. cxd5 cxd5 4. exd5 Nf6 5. Qa4+ Nbd7 6. Nc3 g6 7. Bc4 Bg7 8. d3 O-O 9. Nf3 a6 10. Qa3 b6 11. O-O Bb7 12. Re1 Re8 13. Bg5 b5 14. Bb3 Nb6 15. d6 Qxd6 16. Qxd6 exd6 17. Be3 Nfd5 18. Ne4 Nxe3 19. Nxd6 Bxf3 20. gxf3 Nc2 21. Bxc2 Red8 22. Ne4 Rac8 23. Bb3 Bxb2 24. Rab1 Bd4 25. Rbc1 Kf8 26. Rxc8 Nxc8 27. Rc1 Ne7 28. Ng5 Bf6 29. Nxh7+ Kg7 30. Nxf6 Kxf6 31. Rc3 a5 32. Kf1 a4 33. Bd1 Ke6 34. Ke1 Kd6 35. Be2 Nc6 36. Bf1 Nd4 37. f4 Re8+ 38. Kd1 Nf3 39. Be2 Nd4 40. Bf1 Re7 41. Rc8 Rc7 42. Rxc7 Kxc7 43. a3 b4 44. axb4 a3 45. Kc1 Nb3+ 46. Kb1 Nd2+ 47. Ka2 Nxf1 48. h3 Nd2 49. Kxa3 Kc6 50. Ka4 Nf3 51. b5+ Kb6 52. Kb4 Nd4 53. Kc4 Nxb5 54. Kd5 Kc7 55. Ke5 Nd6 56. Kf6 Kd7 57. f5 Nxf5 58. Kxf7 Ne7 59. Kf6 Kd6 60. h4 Kd7 61. h5 gxh5 62. Kg5 1/2-1/2

[Event "45th FIDE Olympiad 2024"]
[Site "Budapest"]
[Date "2024.09.14"]
[Round "4.175"]
[White "Goh, Wei Ming Kevin"]
[Black "Escalona Landi, Samid Eduardo"]
[Result "0-1"]
[ECO "B57"]
[WhiteElo "2449"]
[BlackElo "2305"]
[PlyCount "76"]
[EventDate "2024.09.05"]
[EventType "team-tourn"]
[EventCountry "HUN"]
[WhiteTeam "Singapore"]
[BlackTeam "Venezuela"]
[WhiteTeamCountry "SIN"]
[BlackTeamCountry "VEN"]
[TimeControl "40/5400+30:1800+30"]

1. e4 c5 2. Nf3 d6 3. d4 cxd4 4. Nxd4 Nf6 5. Nc3 Nc6 6. Bc4 Qb6 7. Nb3 e6 8. Bf4 Ne5 9. Be2 Bd7 10. Qd2 a6 11. O-O-O Rc8 12. f3 h5 13. Bg5 Bc6 14. Rhe1 Be7 15. Bf1 Qc7 16. f4 Ng6 17. g3 b5 18. a3 O-O 19. Bh3 Rfe8 20. Nd4 Bd7 21. f5 Nf8 22. Nf3 a5 23. fxe6 fxe6 24. Bxf6 gxf6 25. Nd4 b4 26. Nb1 Qc5 27. Bf1 Ng6 28. Nb3 Qb6 29. axb4 axb4 30. e5 Nxe5 31. Rxe5 fxe5 32. Qh6 Bf8 33. Qg6+ Bg7 34. Nd4 Re7 35. Bd3 Qxd4 36. Qh7+ Kf8 37. Bg6 Qe3+ 38. Nd2 Bb5 {0-} 0-1

[Event "45th FIDE Olympiad 2024"]
[Site "Budapest"]
[Date "2024.09.14"]
[Round "4.176"]
[White "Castro Torres, Jose Luis"]
[Black "Chia, Yu Zhe Ashton"]
[Result "1-0"]
[ECO "B31"]
[WhiteElo "2299"]
[BlackElo "2224"]
[PlyCount "125"]
[EventDate "2024.09.05"]
[EventType "team-tourn"]
[EventCountry "HUN"]
[WhiteTeam "Venezuela"]
[BlackTeam "Singapore"]
[WhiteTeamCountry "VEN"]
[BlackTeamCountry "SIN"]
[TimeControl "40/5400+30:1800+30"]

1. e4 c5 2. Nf3 Nc6 3. Bb5 g6 4. Bxc6 bxc6 5. O-O Bg7 6. d3 d6 7. h3 e5 8. c3 Nf6 9. Re1 O-O 10. d4 cxd4 11. cxd4 d5 12. dxe5 Nxe4 13. Nc3 Bf5 14. Nd4 Bxe5 15. Nxc6 Bh2+ 16. Kxh2 Qd6+ 17. Kg1 Nxc3 18. Qd4 Nb5 19. Qxd5 Qxd5 20. Ne7+ Kg7 21. Nxd5 Rfd8 22. Ne3 Be6 23. b3 Kg8 24. Bb2 Rd2 25. Be5 Rc8 26. Red1 Rxd1+ 27. Rxd1 h6 28. Rd2 a5 29. h4 Kh7 30. g4 g5 31. h5 a4 32. bxa4 Nc3 33. Rc2 Nxa4 34. Rxc8 Bxc8 35. Bd4 f6 36. Kg2 Kg7 37. Nf5+ Kh7 38. Kf3 Bd7 39. Ke4 Be6 40. a3 Bc4 41. Ne3 Be6 42. f3 Kg7 43. Nf5+ Kh7 44. Ke3 Bc4 45. Nd6 Bd5 46. Ne8 Be6 47. Nxf6+ Kg7 48. Ne4+ Kh7 49. Nd6 Bd5 50. Nf5 Bb7 51. f4 gxf4+ 52. Kxf4 Bc6 53. Ke5 Bf3 54. Ne3 Kg8 55. Kf6 Kh7 56. Kf5 Be2 57. Nd5 Bc4 58. Nf6+ Kg7 59. Nd7+ Kh7 60. Kf6 Be2 61. Kf7 Bc4+ 62. Kf8 Be2 63. Bg7 1-0

[Event "45th FIDE Olympiad 2024"]
[Site "Budapest"]
[Date "2024.09.14"]
[Round "4.177"]
[White "Giron, Jorge Ernesto"]
[Black "Dardha, Daniel"]
[Result "1/2-1/2"]
[ECO "A50"]
[WhiteElo "2276"]
[BlackElo "2603"]
[PlyCount "92"]
[EventDate "2024.09.05"]
[EventType "team-tourn"]
[EventCountry "HUN"]
[WhiteTeam "El Salvador"]
[BlackTeam "Belgium"]
[WhiteTeamCountry "ESA"]
[BlackTeamCountry "BEL"]
[TimeControl "40/5400+30:1800+30"]

1. d4 Nf6 2. c4 b6 3. Nc3 Bb7 4. Qc2 Nc6 5. Nf3 Nb4 6. Qb1 Bxf3 7. gxf3 g6 8. e4 Bg7 9. Be3 Nh5 10. f4 e6 11. h4 O-O 12. Be2 c5 13. dxc5 bxc5 14. Bxh5 Rb8 15. Be2 d5 16. cxd5 exd5 17. exd5 Re8 18. Qd1 Bd4 19. Qd2 Rxe3 20. fxe3 Bxe3 21. Qd1 Qf6 22. Rh3 Qxf4 23. Rxe3 Qxe3 24. a3 Qg3+ 25. Kf1 Rb6 26. Ne4 Qf4+ 27. Nf2 Rf6 28. Bf3 Nc2 29. Qxc2 Qxf3 30. Rc1 c4 31. Qd2 Qh1+ 32. Ke2 Qxh4 33. Ke1 Qh2 34. Qe2 Qg1+ 35. Qf1 Qg5 36. Rxc4 Qxd5 37. Qd3 Qe5+ 38. Qe2 Qg3 39. Re4 h5 40. Qe3 Qg1+ 41. Ke2 Qb1 42. Re8+ Kh7 43. Qd4 Qc2+ 44. Ke1 Qc1+ 45. Ke2 Qc2+ 46. Ke1 Qc1+ 1/2-1/2

[Event "45th FIDE Olympiad 2024"]
[Site "Budapest"]
[Date "2024.09.14"]
[Round "4.178"]
[White "Vandenbussche, Thibaut"]
[Black "Chavez, Ricardo Ernesto"]
[Result "0-1"]
[ECO "B41"]
[WhiteElo "2461"]
[BlackElo "2185"]
[PlyCount "54"]
[EventDate "2024.09.05"]
[EventType "team-tourn"]
[EventCountry "HUN"]
[WhiteTeam "Belgium"]
[BlackTeam "El Salvador"]
[WhiteTeamCountry "BEL"]
[BlackTeamCountry "ESA"]
[TimeControl "40/5400+30:1800+30"]

1. e4 c5 2. Nf3 e6 3. d4 cxd4 4. Nxd4 a6 5. g3 d5 6. Nb3 Nf6 7. exd5 exd5 8. Bg2 Bg4 9. Qd3 Nc6 10. O-O Be7 11. Bg5 O-O 12. Nc3 Ne5 13. Qd4 Nf3+ 14. Bxf3 Bxf3 15. Rfe1 Re8 16. Re3 Bh5 17. Rae1 Qd7 18. Nxd5 Nxd5 19. Rxe7 Rxe7 20. Rxe7 Qc6 21. Re5 Nc7 22. c4 Ne6 23. Qd5 Qc7 24. Nd4 Bg4 25. Re4 Bh3 26. g4 Nxg5 27. Qxg5 Qxc4 {0-} 0-1

[Event "45th FIDE Olympiad 2024"]
[Site "Budapest"]
[Date "2024.09.14"]
[Round "4.179"]
[White "Arias, Daniel"]
[Black "Maerevoet, Sim"]
[Result "1/2-1/2"]
[ECO "B45"]
[WhiteElo "2213"]
[BlackElo "2432"]
[PlyCount "175"]
[EventDate "2024.09.05"]
[EventType "team-tourn"]
[EventCountry "HUN"]
[WhiteTeam "El Salvador"]
[BlackTeam "Belgium"]
[WhiteTeamCountry "ESA"]
[BlackTeamCountry "BEL"]
[TimeControl "40/5400+30:1800+30"]

1. e4 c5 2. Nf3 e6 3. d4 cxd4 4. Nxd4 Nf6 5. Nc3 Nc6 6. a3 Be7 7. Be3 O-O 8. Qe2 d5 9. exd5 Nxd5 10. Nxd5 Qxd5 11. Nxc6 Qxc6 12. O-O-O Bf6 13. Qb5 Qxb5 14. Bxb5 b6 15. Bc6 Rb8 16. Bd4 Bg5+ 17. Kb1 Bb7 18. Bxb7 Rxb7 19. Be5 Be7 20. Rhe1 Rc8 21. Rd3 f6 22. Bd6 Kf7 23. Bxe7 Rxe7 24. Red1 e5 25. b3 h5 26. Kb2 h4 27. c4 Ke6 28. Rd5 g5 29. Kc3 g4 30. R1d3 Rc6 31. Kd2 Rg7 32. Rd8 Rcc7 33. Rh8 g3 34. hxg3 hxg3 35. fxg3 Rcd7 36. Rxd7 Kxd7 37. Rh3 Kd6 38. Ke3 Kc5 39. Ke4 Rg5 40. Ke3 a5 41. Kd3 Rg4 42. Kc3 a4 43. b4+ Kd6 44. Kd3 Ke6 45. Kc3 Re4 46. Kd3 Rd4+ 47. Kc3 Re4 48. Kd3 Rg4 49. Kc3 Kd6 50. Kd3 Kd7 51. Rh7+ Ke6 52. Rh3 Rd4+ 53. Kc3 Rd8 54. g4 e4 55. Kc2 Rg8 56. Rh4 Rc8 57. Kc3 b5 58. c5 Rd8 59. Rh3 Rd1 60. Kc2 Ra1 61. Rc3 Kd7 62. Kd2 Ra2+ 63. Ke3 Rxg2 64. Kxe4 Rxg4+ 65. Kf5 Rg1 66. Kxf6 Re1 67. Rd3+ Kc6 68. Kf5 Rf1+ 69. Ke4 Re1+ 70. Kd4 Rh1 71. Ke4 Rh4+ 72. Ke3 Rh3+ 73. Kd2 Rh2+ 74. Kc1 Kc7 75. Rd2 Rh3 76. Kb2 Rb3+ 77. Ka2 Rh3 78. Rg2 Kc6 79. Rg6+ Kd5 80. Rd6+ Kc4 81. Rd2 Kc3 82. Rg2 Rh6 83. Rf2 Rg6 84. Rf1 Kc2 85. Rf2+ Kc3 86. Rf3+ Kc2 87. Rf5 Kc3 88. Rf3+ 1/2-1/2

[Event "45th FIDE Olympiad 2024"]
[Site "Budapest"]
[Date "2024.09.14"]
[Round "4.180"]
[White "Hovhannisyan, Mher"]
[Black "Guevara Ruiz, Marvin Andres"]
[Result "1-0"]
[ECO "D32"]
[WhiteElo "2414"]
[BlackElo "2003"]
[PlyCount "103"]
[EventDate "2024.09.05"]
[EventType "team-tourn"]
[EventCountry "HUN"]
[WhiteTeam "Belgium"]
[BlackTeam "El Salvador"]
[WhiteTeamCountry "BEL"]
[BlackTeamCountry "ESA"]
[TimeControl "40/5400+30:1800+30"]

1. d4 d5 2. c4 e6 3. Nc3 c5 4. cxd5 exd5 5. Nf3 Nc6 6. dxc5 d4 7. Na4 Bxc5 8. Nxc5 Qa5+ 9. Qd2 Qxc5 10. e3 dxe3 11. Qxe3+ Qxe3+ 12. Bxe3 Nge7 13. Bc4 O-O 14. O-O Bg4 15. Ng5 Bf5 16. Bc5 h6 17. Rfe1 Rae8 18. Nf3 Rc8 19. Bxe7 Nxe7 20. Rxe7 Rxc4 21. Rxb7 Ra4 22. b3 Ra6 23. Nd4 Bc8 24. Rc7 Re8 25. Rac1 Be6 26. R7c2 Rb6 27. f3 a6 28. Rc6 Reb8 29. Rxb6 Rxb6 30. Rc6 Rxc6 31. Nxc6 Bd7 32. Ne5 Be6 33. Kf2 Kf8 34. Nd3 Ke7 35. Nc5 Bc8 36. Ke3 Kd6 37. Kd4 Kc6 38. Kc4 Kb6 39. b4 Kc6 40. a4 Kb6 41. Kd5 h5 42. Kd6 g5 43. Nd7+ Ka7 44. Kc7 Bb7 45. Ne5 f5 46. Nc6+ Ka8 47. b5 h4 48. h3 axb5 49. axb5 f4 50. b6 Bxc6 51. Kxc6 Kb8 52. b7 1-0

[Event "45th FIDE Olympiad 2024"]
[Site "Budapest"]
[Date "2024.09.14"]
[Round "4.181"]
[White "Lee, Junhyeok"]
[Black "Cori, Jorge"]
[Result "1-0"]
[ECO "C11"]
[WhiteElo "2364"]
[BlackElo "2609"]
[PlyCount "97"]
[EventDate "2024.09.05"]
[EventType "team-tourn"]
[EventCountry "HUN"]
[WhiteTeam "South Korea"]
[BlackTeam "Peru"]
[WhiteTeamCountry "KOR"]
[BlackTeamCountry "PER"]
[TimeControl "40/5400+30:1800+30"]

1. e4 e6 2. d4 d5 3. Nc3 Nf6 4. e5 Nfd7 5. f4 c5 6. Nf3 Nc6 7. Be3 Be7 8. Qd2 O-O 9. dxc5 Bxc5 10. O-O-O b6 11. Bb5 Bb7 12. h4 Rc8 13. h5 Re8 14. Bxc6 Bxc6 15. Nd4 Bb4 16. a3 Bxc3 17. Qxc3 Ba4 18. Qe1 Qc7 19. Rd2 f6 20. exf6 Nxf6 21. Re2 Ne4 22. Rf1 e5 23. fxe5 Qxe5 24. Nf5 Qc7 25. Qd1 Qc4 26. Bd4 Bd7 27. b3 Qxb3 28. Nxg7 Rf8 29. Rxf8+ Kxf8 30. Qf1+ Kg8 31. Nf5 Qxa3+ 32. Bb2 Qf8 33. g4 Bxf5 34. gxf5 Qh6+ 35. Kb1 Kf7 36. Qd1 Qc6 37. Rg2 Qb5 38. Kc1 Qc5 39. h6 Kf8 40. Qf3 b5 41. f6 Rc7 42. Be5 Rf7 43. Qg4 Ke8 44. Qe6+ Kf8 45. Kd1 d4 46. Re2 d3 47. cxd3 Rc7 48. Bxc7 Nc3+ 49. Ke1 1-0

[Event "45th FIDE Olympiad 2024"]
[Site "Budapest"]
[Date "2024.09.14"]
[Round "4.182"]
[White "Leiva, Gianmarco"]
[Black "Ahn, Hongjin"]
[Result "0-1"]
[ECO "B45"]
[WhiteElo "2389"]
[BlackElo "2251"]
[PlyCount "66"]
[EventDate "2024.09.05"]
[EventType "team-tourn"]
[EventCountry "HUN"]
[WhiteTeam "Peru"]
[BlackTeam "South Korea"]
[WhiteTeamCountry "PER"]
[BlackTeamCountry "KOR"]
[TimeControl "40/5400+30:1800+30"]

1. e4 c5 2. Nf3 e6 3. d4 cxd4 4. Nxd4 Nc6 5. Nc3 Nf6 6. a3 d6 7. Be3 Be7 8. Qf3 Nxd4 9. Bxd4 O-O 10. Bc4 Qc7 11. Qe2 e5 12. Be3 Be6 13. Bb3 h6 14. Rd1 Rfc8 15. O-O Bc4 16. Bxc4 Qxc4 17. Qf3 b5 18. Rd3 a5 19. Rc1 b4 20. b3 Qa6 21. axb4 axb4 22. Nd5 Nxd5 23. Rxd5 Qa2 24. Qd1 Qb2 25. g3 Bf8 26. Rb5 Ra6 27. Rb7 Rac6 28. Qd5 R6c7 29. Rxb4 Rc3 30. Rd1 Rxe3 31. Rb7 Rf3 32. Kg2 Rf6 33. Rd2 Rxc2 {0-} 0-1

[Event "45th FIDE Olympiad 2024"]
[Site "Budapest"]
[Date "2024.09.14"]
[Round "4.183"]
[White "Lee, Kyungseok"]
[Black "Fernandez Sanchez, Fernando Miguel"]
[Result "1/2-1/2"]
[ECO "E15"]
[WhiteElo "2044"]
[BlackElo "2399"]
[PlyCount "52"]
[EventDate "2024.09.05"]
[EventType "team-tourn"]
[EventCountry "HUN"]
[WhiteTeam "South Korea"]
[BlackTeam "Peru"]
[WhiteTeamCountry "KOR"]
[BlackTeamCountry "PER"]
[TimeControl "40/5400+30:1800+30"]

1. d4 Nf6 2. c4 e6 3. Nf3 b6 4. g3 Ba6 5. b3 Bb4+ 6. Bd2 Be7 7. Bg2 O-O 8. O-O d5 9. Bf4 c5 10. Nc3 Nc6 11. cxd5 Nxd5 12. Nxd5 exd5 13. dxc5 bxc5 14. Re1 Re8 15. Rc1 h6 16. h4 Qd7 17. e4 d4 18. e5 Rad8 19. e6 fxe6 20. Ne5 Nxe5 21. Bxe5 Bf8 22. Be4 Bb7 23. Bd3 Qd5 24. Be4 Qd7 25. Bd3 Qd5 26. Be4 Qd7 1/2-1/2

[Event "45th FIDE Olympiad 2024"]
[Site "Budapest"]
[Date "2024.09.14"]
[Round "4.184"]
[White "Delgado Romero, Marco"]
[Black "Huh, Isaak"]
[Result "0-1"]
[ECO "B50"]
[WhiteElo "2390"]
[BlackElo "2114"]
[PlyCount "102"]
[EventDate "2024.09.05"]
[EventType "team-tourn"]
[EventCountry "HUN"]
[WhiteTeam "Peru"]
[BlackTeam "South Korea"]
[WhiteTeamCountry "PER"]
[TimeControl "40/5400+30:1800+30"]

1. e4 c5 2. Nf3 d6 3. c3 Nf6 4. Be2 g6 5. O-O Bg7 6. Bb5+ Nc6 7. d3 O-O 8. Re1 a6 9. Bxc6 bxc6 10. h3 e5 11. Na3 Nd7 12. Qa4 Qc7 13. Nc4 a5 14. b4 cxb4 15. cxb4 Nb6 16. Nxb6 Qxb6 17. Bd2 Qa6 18. Qxa5 Qb7 19. Rab1 Rxa5 20. bxa5 Qa8 21. Rec1 Ba6 22. Ne1 Bf6 23. Rb3 Bd8 24. Nc2 Bb5 25. Ra3 c5 26. Ne3 Bg5 27. Rb1 Bxe3 28. Bxe3 Qa6 29. Bd2 Bxd3 30. Rb6 Qc4 31. Bh6 Bxe4 32. a6 f5 33. Rxd6 f4 34. Rb3 Ra8 35. a7 Rxa7 36. Rb8+ Kf7 37. Rf8+ Ke7 38. Rdd8 Rd7 39. Rfe8+ Kd6 40. Rc8 Rc7 41. Rb8 Rb7 42. Bf8+ Kc6 43. Rbc8+ Kb6 44. Rxe5 Rd7 45. Kh2 Rd1 46. f3 Bxf3 47. Rb8+ Bb7 48. Bxc5+ Kc7 49. Ba7 Rh1+ 50. Kxh1 Qf1+ 51. Bg1 Qxg2# {0-} 0-1

[Event "45th FIDE Olympiad 2024"]
[Site "Budapest"]
[Date "2024.09.14"]
[Round "4.185"]
[White "Barbaria, Yacine"]
[Black "Murphy, Conor E"]
[Result "0-1"]
[ECO "C54"]
[WhiteElo "2179"]
[BlackElo "2453"]
[PlyCount "126"]
[EventDate "2024.09.05"]
[EventType "team-tourn"]
[EventCountry "HUN"]
[WhiteTeam "Tunisia"]
[BlackTeam "Ireland"]
[WhiteTeamCountry "TUN"]
[BlackTeamCountry "IRL"]
[TimeControl "40/5400+30:1800+30"]

1. e4 e5 2. Nf3 Nc6 3. Bc4 Nf6 4. d3 Bc5 5. c3 d6 6. Nbd2 O-O 7. h3 a5 8. O-O Ba7 9. Re1 Be6 10. Bb5 Ne7 11. Nf1 Ng6 12. d4 exd4 13. Nxd4 d5 14. e5 Ne4 15. f3 Nc5 16. Nh2 Qh4 17. Be3 c6 18. Bf1 Nxe5 19. b3 Ng6 20. Qd2 Bb8 21. Bf2 Bf4 22. Qc2 Bg3 23. Bxg3 Qxg3 24. b4 axb4 25. cxb4 Na6 26. b5 cxb5 27. Nxe6 fxe6 28. Rxe6 Nf4 29. Re7 Nxh3+ 30. Kh1 Nf2+ 31. Kg1 Nh3+ 32. Kh1 Nf4 33. Rxb7 Rac8 34. Qd2 Rce8 35. Qd4 Rf5 36. Rc1 Rh5 37. Rxg7+ Qxg7 38. Qxf4 Rf8 39. Qd6 Qf6 40. Qxf6 Rxf6 41. Kg1 d4 42. Ng4 Rd6 43. Rc8+ Kg7 44. Nf2 Rhd5 45. Ne4 Rb6 46. Kf2 Rd7 47. Ra8 Nb4 48. Ra5 d3 49. Ke3 Nc6 50. Ra3 Ne5 51. Bxd3 Rxd3+ 52. Rxd3 Nxd3 53. Kxd3 Ra6 54. Nc3 b4 55. Nd5 Rxa2 56. Nxb4 Rxg2 57. Ke3 Kf6 58. Nd3 Kf5 59. Nf4 Rh2 60. Ne2 Kg5 61. f4+ Kg4 62. Nd4 Rh1 63. Ne2 Rf1 {0-} 0-1